 Seeded DCSS version 0.29.1-15-g9cfb28693d (webtiles) character file.

Game seed: 1 (custom seed)

525085 Kazon the Fencer (level 25, -2/206 (207) HPs)
             Began as a Barachi Fighter on Apr 4, 2023.
             Was the Champion of Okawaru.
             Slain by a sphinx (8 damage)
             ... while paralysed by a sphinx
             ... on level 3 of the Depths on Apr 6, 2023.
             The game lasted 07:39:09 (43911 turns).

Kazon the Fencer (Barachi Fighter)                 Turns: 43911, Time: 07:39:10

HP:   -2/206 (207)  AC: 38    Str: 17    XL:     25   Next: 43%
MP:   35/35         EV:  2    Int:  6    God:    Okawaru [******]
Gold: 4700          SH:  0    Dex: 32    Spells: 24/24 levels left

rFire   + + +      SeeInvis +   e - +7 captain's cutlass {speed, disarm}
rCold   + + +      Faith    .   c - +0 buckler of Qyfec {Regen+ Dex+2 SInv}
rNeg    . . .      Spirit   .   k - +8 shadow dragon scales of the Dungeon {Harm +Inv rElec Will- Stlth++++}
rPois   +          Reflect  .   m - +1 hat of Untruth {rC++ rCorr Str-2 Stlth+}
rElec   +          Harm     +   Q - +2 cloak
rCorr   +          Rampage  .   O - +2 pair of gloves {hurl}
Will    .....                   s - +1 pair of boots of Inevitability {rPois Regen+ Int-4}
Stlth   ++++++++..              U - amulet "Odemouw" {Contam rPois rF+++ Regen+ Stlth+}
HPRegen 2.84/turn               u - ring "Azxilac" {+Blink rPois rC+ Int-3 Dex+6}
MPRegen 0.24/turn               j - +6 ring of dexterity

@: paralysed, afraid, slowed, studying Dodging, lightly drained, slow
A: amphibious, slowness 1, strong legs 2, +LOS, mutation resistance 1,
MP-powered wands
}: 3/15 runes: barnacled, silver, gossamer
a: Hop, Renounce Religion, Evoke Blink, Evoke Invisibility, Heroism, Finesse,
Duel


You were on level 3 of the Depths.
You worshipped Okawaru.
Okawaru was exalted by your worship.
You visited 10 branches of the dungeon, and saw 44 of its levels.
You visited 1 bazaar.
You also visited: Gauntlet and Desolation.

You collected 9153 gold pieces.
You spent 4453 gold pieces at shops.

Inventory:

Hand Weapons
 e - the +7 captain's cutlass (weapon) {speed, disarm}
   (You found it in the Desolation of Salt)

   Attacks with this weapon are significantly faster.
   It may disarm weapon-wielding foes when striking them, dealing extra damage
   in the process.
 f - the +2 Maxwell's thermic engine {flame, freeze}
   (You found it on level 1 of the Lair of Beasts)

   It burns those it strikes, dealing additional fire damage.
   Big, fiery blades are also staple armaments of hydra-hunters.
   It freezes those it strikes, dealing additional cold damage.
   It can also slow down cold-blooded creatures.
   It becomes more effective when it hits something.
   This effect fades over time.
 v - a +9 vampiric demon blade
Missiles
 h - 10 datura-tipped darts
 o - 49 boomerangs
 r - 4 throwing nets
 w - 2 silver boomerangs
 B - 14 silver javelins
 C - 12 atropa-tipped darts
 E - 10 curare-tipped darts
 Z - 18 javelins (quivered)
Armour
 c - the +0 buckler of Qyfec (worn) {Regen+ Dex+2 SInv}
   (You acquired it on level 1 of the Dungeon)

   Dex:       It affects your dexterity (+2).
   SInv:      It lets you see invisible.
   Regen:     It increases your rate of health regeneration.
 k - the +8 shadow dragon scales of the Dungeon (worn) {Harm +Inv rElec Will- Stlth++++}
   (You found it in the Desolation of Salt)

   rElec:     It insulates you from electricity.
   +Inv:      It lets you turn invisible.
   Harm:      It increases damage dealt and taken.
   Will:      It decreases your willpower.
   Stlth:     It makes you much more stealthy.
 m - the +1 hat of Untruth (worn) {rC++ rCorr Str-2 Stlth+}
   (You found it on level 14 of the Dungeon)

   Str:       It affects your strength (-2).
   rC:        It greatly protects you from cold.
   rCorr:     It protects you from acid and corrosion.
   Stlth:     It makes you more stealthy.
 s - the +1 pair of boots of Inevitability (worn) {rPois Regen+ Int-4}
   (Okawaru gifted it to you on level 2 of the Depths)

   Int:       It affects your intelligence (-4).
   rPois:     It protects you from poison.
   Regen:     It increases your rate of health regeneration.
 O - a +2 pair of gloves of hurling (worn)
 Q - a +2 cloak (worn)
 Y - the +3 pair of seven-league boots {Rampage+∞}
   (You found it on level 2 of the Vaults)

   Its wearer moves as far as possible in that direction when moving towards
   enemies.
Jewellery
 j - a +6 ring of dexterity (right hand)
 u - the ring "Azxilac" (left hand) {+Blink rPois rC+ Int-3 Dex+6}
   (You found it in a Gauntlet)

   [ring of dexterity]

   Int:       It affects your intelligence (-3).
   Dex:       It affects your dexterity (+6).
   rC:        It protects you from cold.
   rPois:     It protects you from poison.
   +Blink:    It lets you blink.
 y - a ring of resist corrosion
 N - the ring "Wejiqees" {rN+ EV+4}
   (You took it off an orc on level 5 of the Vaults)

   [ring of evasion]

   EV:        It affects your evasion (+4).
   rN:        It protects you from negative energy.
 U - the amulet "Odemouw" (around neck) {Contam rPois rF+++ Regen+ Stlth+}
   (You bought it in a shop on level 8 of the Dungeon)

   [amulet of regeneration]

   rF:        It renders you almost immune to fire.
   rPois:     It protects you from poison.
   Contam:    It causes magical contamination when unequipped.
   Regen:     It increases your rate of health regeneration.
   Stlth:     It makes you more stealthy.
Wands
 F - a wand of mindburst (38)
 G - a wand of acid (9)
 I - a wand of paralysis (19)
 J - a wand of digging (6)
 L - a wand of roots (46)
 S - a wand of polymorph (10)
Scrolls
 n - 4 scrolls of immolation
 p - 5 scrolls of poison
 q - 9 scrolls of fog
 A - 11 scrolls of teleportation
 K - 5 scrolls of fear
 P - 4 scrolls of magic mapping
 R - 2 scrolls of silence
 X - 3 scrolls of blinking
Potions
 a - 8 potions of ambrosia
 b - 4 potions of berserk rage
 d - 8 potions of might
 i - 3 potions of resistance
 l - 17 potions of curing
 t - 17 potions of lignification
 z - 3 potions of mutation
 D - 5 potions of cancellation
 H - 7 potions of heal wounds
 V - 3 potions of invisibility
 W - 10 potions of haste
Miscellaneous
 g - a lightning rod (4/4)
 x - a phial of floods
 M - a condenser vane
 T - a tin of tremorstones (2/2)


   Skills:
 + Level 19.1 Fighting
 + Level 9.6(15.2) Short Blades
 + Level 20.1(20.9) Long Blades
 + Level 6.3 Ranged Weapons
 + Level 17.3 Throwing
 * Level 16.1 Armour
 + Level 17.1 Dodging
 + Level 10.3 Stealth
 + Level 17.5 Shields
 + Level 16.9 Invocations
 + Level 17.3 Evocations


You had 24 spell levels left.
You didn't know any spells.
Your spell library contained the following spells:

 Spells                   Type           Power      Damage    Failure   Level
 Apportation              Tloc           0%         N/A       98%         1
 Beastly Appendage        Tmut           0%         N/A       98%         1
 Magic Dart               Conj           0%         1d3       98%         1
 Necrotise                Necr           0%         1d4       98%         1
 Sandblast                Erth           0%         2d4       98%         1
 Shock                    Conj/Air       0%         1d3       98%         1
 Slow                     Hex            0%         N/A       98%         1
 Sting                    Tmut/Pois      0%         1d3       98%         1
 Ensorcelled Hibernation  Hex/Ice        0%         N/A       99%         2
 Passwall                 Tmut/Erth      0%         N/A       99%         2
 Poisonous Vapours        Pois/Air       0%         N/A       99%         2
 Scorch                   Fire           0%         2d5       99%         2
 Searing Ray              Conj           0%         2d4       99%         2
 Static Discharge         Conj/Air       0%         3-3/arc   99%         2
 Confusing Touch          Hex            0%         N/A       100%        3
 Dazzling Flash           Conj/Hex       0%         N/A       100%        3
 Gell's Gravitas          Tloc           0%         N/A       100%        3
 Mephitic Cloud           Conj/Pois/Air  0%         N/A       100%        3
 Ozocubu's Armour         Ice            0%         N/A       100%        3
 Stone Arrow              Conj/Erth      0%         3d7       100%        3
 Swiftness                Air            0%         N/A       100%        3
 Teleport Other           Tloc           0%         N/A       100%        3
 Vampiric Draining        Necr           0%         2d6       100%        3
 Airstrike                Air            0%         2d(0-16)  100%        4
 Cause Fear               Hex            0%         N/A       100%        4
 Corpse Rot               Necr/Pois/Air  0%         N/A       100%        4
 Dispel Undead            Necr           0%         3d6       100%        4
 Flame Wave               Conj/Fire      0%         2d4       100%        4
 Ice Form                 Ice/Tmut       0%         N/A       100%        4
 Iskenderun's Mystic Bla  Conj/Tloc      0%         2d3       100%        4
 Leda's Liquefaction      Hex/Erth       0%         N/A       100%        4
 Olgreb's Toxic Radiance  Pois           0%         N/A       100%        4
 Passage of Golubria      Tloc           0%         N/A       100%        4
 Petrify                  Tmut/Erth      0%         N/A       100%        4
 Sticky Flame             Conj/Fire      0%         2d3       100%        4
 Agony                    Necr           0%         N/A       100%        5
 Alistair's Intoxication  Tmut/Pois      0%         N/A       100%        5
 Blade Hands              Tmut           0%         N/A       100%        5
 Borgnjor's Vile Clutch   Necr/Erth      0%         N/A       100%        5
 Fireball                 Conj/Fire      0%         3d3       100%        5
 Irradiate                Conj/Tmut      0%         3d11      100%        5
 Iskenderun's Battlesphe  Conj           0%         2d6       100%        5
 Lee's Rapid Deconstruct  Erth           0%         3d5*      100%        5
 Lightning Bolt           Conj/Air       0%         1d11      100%        5
 Metabolic Englaciation   Hex/Ice        0%         N/A       100%        5
 Silence                  Hex/Air        0%         N/A       100%        5
 Yara's Violent Unravell  Hex/Tmut       0%         3d3       100%        5
 Conjure Ball Lightning   Conj/Air       0%         3x3d6     100%        6
 Dispersal                Tloc           0%         N/A       100%        6
 Eringya's Noxious Bog    Tmut/Pois      0%         N/A       100%        6
 Iron Shot                Conj/Erth      0%         9d1       100%        6
 Starburst                Conj/Fire      0%         6d3       100%        6
 Statue Form              Tmut/Erth      0%         N/A       100%        6
 Dragon Form              Tmut           0%         N/A       100%        7
 Enfeeble                 Hex            0%         N/A       100%        7
 Orb of Destruction       Conj           0%         9d5       100%        7
 Ozocubu's Refrigeration  Ice            0%         4d7       100%        7
 Discord                  Hex            0%         N/A       100%        8
 Disjunction              Tloc           0%         N/A       100%        8
 Ignition                 Fire           0%         3d3       100%        8
 Lehudib's Crystal Spear  Conj/Erth      0%         10d2      100%        8
 Summon Small Mammal      Summ           Unusable   N/A       N/A         1
 Call Imp                 Summ           Unusable   N/A       N/A         2
 Animate Armour           Summ/Erth      Unusable   N/A       N/A         4
 Animate Dead             Necr           Unusable   N/A       N/A         4
 Summon Lightning Spire   Summ/Air       Unusable   N/A       N/A         4
 Summon Forest            Summ/Tloc      Unusable   N/A       N/A         5
 Death Channel            Necr           Unusable   N/A       N/A         6
 Simulacrum               Ice/Necr       Unusable   N/A       N/A         6
 Summon Cactus Giant      Summ           Unusable   N/A       N/A         6
 Summon Hydra             Summ           Unusable   N/A       N/A         7
 Dragon's Call            Summ           Unusable   N/A       N/A         9

Dungeon Overview and Level Annotations

Branches:
Dungeon (15/15)            Temple (1/1) D:7            Lair (5/5) D:10
 Shoals (4/4) Lair:3       Spider (4/4) Lair:3        Slime (0/5) Lair:4
    Orc (2/2) D:12            Elf (3/3) Orc:2        Vaults (5/5) D:13
  Crypt (2/3) Vaults:3     Depths (3/4) D:15        Desolation (visited)
Gauntlet (visited)

Altars:
Ashenzari
Dithmenos
Elyvilon
Fedhas
Gozag
Hepliaklqana
Kikubaaqudgha
Makhleb
Nemelex Xobeh
Okawaru
Qazlal
Uskayaw
Xom
Zin
The Shining One
Jiyva

Shops:
D:3 (   D:8 ?(==   D:10 :   D:13 !   Orc:2 ([*=   Elf:2 [?!?   Elf:3 [(
Vaults:1 !   Vaults:2 [   Vaults:3 (((   Vaults:4 *   Vaults:5 (   Depths:2 (

Portals:
Hell: Depths:1 Depths:2
Abyss: Depths:3
Pandemonium: Depths:2 Depths:3
Ziggurat: Depths:1

Annotations:
Shoals:4 1 runed translucent door, quakins's ghost, adept FoAK
Elf:2 2 transporters, roninjake's ghost, adept MiFi
Vaults:2 2 runed translucent doors, foobar1000's ghost, veteran SpHu
Crypt:1 2 transporters, exclusions: obsidian statue and orange crystal statue, yalue's ghost, adept MiFi


Innate Abilities, Weirdness & Mutations

You are amphibious.
You cover ground slowly.
You can hop long distances.
You have an extended range of vision and can be seen from far away.
You are somewhat resistant to further mutation.
You expend magic power (3 MP) to strengthen your wands.


Message History

The spark wasp stings you. The spark wasp shocks you. You resist.
The sphinx hits you.
The sphinx hits you but does no damage. x2
The glowing orange brain pulsates.
Something tries to feed on your intellect!
The spark wasp stings you but does no damage.
The spark wasp stings you! The spark wasp shocks you. You resist.
The sphinx hits you but does no damage. x3
The spark wasp stings you but does no damage. x3
The spark wasp completely misses you. The spark wasp stings you!
* * * LOW HITPOINT WARNING * * *
The spark wasp shocks you. You resist.
* * * LOW HITPOINT WARNING * * *
The spark wasp stings you but does no damage.
The sphinx hits you but does no damage. x2; The sphinx hits you.
* * * LOW HITPOINT WARNING * * *
The glowing orange brain blinks!
The spark wasp stings you!
* * * LOW HITPOINT WARNING * * *
The spark wasp shocks you. You resist.
* * * LOW HITPOINT WARNING * * *
The spark wasp stings you.
* * * LOW HITPOINT WARNING * * *
The spark wasp shocks you. You resist.
* * * LOW HITPOINT WARNING * * *
The spark wasp stings you but does no damage.
The sphinx hits you but does no damage. The sphinx completely misses you.
The sphinx hits you but does no damage.
The spark wasp stings you but does no damage.
The glowing orange brain blinks!
The spark wasp stings you but does no damage. x2
The spark wasp stings you!
* * * LOW HITPOINT WARNING * * *
The spark wasp shocks you. You resist.
* * * LOW HITPOINT WARNING * * *
The spark wasp stings you.
* * * LOW HITPOINT WARNING * * *
The spark wasp shocks you. You resist.
* * * LOW HITPOINT WARNING * * *
The sphinx hits you!
You die... #()[.# #≈..∩# #G~..# #≈≈..# #≈≈≈. #≈≈~# #≈≈≈# #yHC#

#y@y#
#≈≈≈#
#≈≈≈##
#≈≈≈≈#
#≈≈≈≈#
#≈≈≈≈#
#≈≈≈≈##
##≈≈≈≈#
##≈≈≈#


You could see a frost giant (summoned), a sphinx, 3 spark wasps and a glowing
orange brain (scary).

Vanquished Creatures
  4 dread liches
  Mennas (Vaults:4)
  Mara (Arena)
  Frederick (Vaults:4)
  Xtahua (Vaults:4)
  A golden dragon (Vaults:5)
  Nikola (Arena)
  A Tzitzimitl (Depths:2)
  5 tentacled monstrosities (Vaults:5)
  2 deep elf blademasters (Elf:3)
  Asterion (Elf:3)
  4 titans
  Rupert (D:12)
  2 deep elf master archers (Elf:3)
  A lich (Depths:3)
  8 sphinxes
  2 Executioners (Depths:2)
  5 ancient champions
  Donald (Orc:2)
  The ghost of Jingleheimer the End of an Era, an adept HOFi of Qazlal (Orc:2)
  Roxanne (D:15)
  4 storm dragons (Vaults:5)
  2 tengu reavers
  Agnes (Elf:1)
  6 shadow dragons
  7 fire giants
  2 revenants (Crypt:2)
  2 frost giants
  6 emperor scorpions
  13 vault wardens
  4 ghost moths
  4 deep elf sorcerers
  An imperial myrmidon (Desolation)
  Louise (Elf:3)
  A caustic shrike zombie (Depths:2)
  4 spectral caustic shrikes
  4 iron dragons
  A cacodemon (Gauntlet)
  4 orc warlords
  A spectral juggernaut (Depths:3)
  3 curse skulls
  A deep elf elementalist (Elf:3)
  4 ghouls
  2 spriggan defenders (Depths:1)
  4 war gargoyles
  13 ironbound preservers
  2 angels (Vaults:3)
  19 very ugly things
  3 broodmothers
  A juggernaut skeleton (Depths:2)
  4 reapers
  5 deep elf demonologists
  The ghost of monoptic the Impaler, a journeyman MiFi of the Shining One (D:14)
  4 ironbound thunderhulks
  Nessos (D:12)
  7 stone giants
  37 slime creatures
  7 vampire knights
  4 spark wasps
  Snorg (D:14)
  A minotaur (Gauntlet)
  2 halazid warlocks (Desolation)
  16 dire elephants
  Azrael (D:13)
  4 deep elf annihilators
  3 eidola
  4 entropy weavers
  A spectral titan (Depths:3)
  9 deep elf death magi
  6 merfolk impalers
  2 crystal guardians (Desolation)
  5 ettins
  A spectral quicksilver dragon (Depths:3)
  A quicksilver dragon zombie (Depths:2)
  7 merfolk javelineers (Shoals:4)
  A spriggan zombie (Depths:2)
  5 ragged hierophants (Desolation)
  4 deep elf high priests
  A spectral spriggan (Depths:3)
  A spectral golden dragon (Depths:3)
  3 fire dragons
  8 ice dragons
  7 great orbs of eyes
  13 yaktaur captains
  7 servants of whispers (Desolation)
  8 jiangshi
  Fannar (Lair:2)
  4 hydras
  A rakshasa (Depths:2)
  5 spectral tengu
  5 peacekeepers (Desolation)
  A spectral shadow dragon (Depths:3)
  A spectral sphinx (Depths:3)
  A hell beast (Gauntlet)
  Erolcha (D:10)
  4 catoblepae
  5 boulder beetles
  An ogre mage (Vaults:5)
  33 vault guards
  3 merfolk avatars
  A spriggan air mage (Depths:2)
  An alligator snapping turtle (Shoals:4)
  10 centaur warriors
  7 ironbound frosthearts
  A jorogumo (Spider:4)
  A death knight (D:14)
  2 spriggan skeletons (Depths:2)
  5 deep troll shamans
  3 two-headed ogres
  29 dancing weapons
  4 merfolk aquamancers
  5 satyrs
  2 spectral fire giants
  2 spectral frost giants (Depths:3)
  8 death scarabs (Spider:4)
  4 deep troll earth magi
  5 tengu warriors
  11 death yaks
  An orc high priest (Orc:2)
  8 vampire magi
  Urug (Orc:1)
  A hell knight (Vaults:5)
  2 spectral emperor scorpions (Spider:4)
  15 deep elf knights
  5 soul eaters
  A storm dragon zombie (Depths:2)
  A fire crab (shapeshifter) (Vaults:5)
  A shadow wraith (Crypt:2)
  16 skeletal warriors
  13 pharaoh ants
  2 titan skeletons (Depths:2)
  A fire crab (D:13)
  2 golden dragon zombies (Depths:2)
  A spectral spark wasp (Depths:3)
  A ghost moth zombie (Crypt:1)
  A sun moth (Spider:1)
  Lodul (D:12)
  A death drake (shapeshifter) (Vaults:2)
  6 iron trolls
  4 glowing orange brains
  12 sea snakes
  8 steelbarb worms
  7 flayed ghosts
  35 deep trolls
  9 deep elf archers
  4 spriggan simulacra
  A bog body (Crypt:2)
  An orb spider (shapeshifter) (Vaults:5)
  8 orb spiders
  13 ironbound convokers
  5 wizards
  An obsidian statue (Vaults:2)
  10 phantasmal warriors
  32 harpies
  4 lindwurms
  7 spectral wolf spiders
  A harpy (shapeshifter) (Elf:1)
  25 deep elf zephyrmancers
  2 spectral iron dragons (Depths:3)
  8 orc knights
  A golden dragon skeleton (Depths:2)
  6 orc sorcerers
  An iron dragon zombie (Crypt:1)
  A broodmother zombie (Spider:4)
  8 wolf spider zombies
  3 necromancers
  22 wolf spiders
  A tengu zombie (Depths:2)
  A mana viper (Vaults:1)
  7 cyclopes
  30 deep elf pyromancers
  43 ugly things
  An iron dragon skeleton (Depths:2)
  12 fauns
  A salamander (Vaults:4)
  10 merfolk sirens
  19 manticores
  4 moths of wrath
  18 vault sentinels
  5 elephants (Lair:4)
  A black mamba (shapeshifter) (Vaults:5)
  A moth of wrath (shapeshifter) (Vaults:5)
  3 guardian serpents (Desolation)
  5 black mambas
  A titan simulacrum (Depths:3)
  6 water nymphs
  A storm dragon simulacrum (Depths:3)
  11 cane toads
  8 torpor snails
  Maggie (D:6)
  4 rime drakes
  2 unseen horrors
  A red draconian zombie (Crypt:1)
  A rime drake (shapeshifter) (D:15)
  A black draconian zombie (Crypt:1)
  4 kobold demonologists (D:11)
  A spark wasp simulacrum (Depths:2)
  15 komodo dragons
  3 spectral redbacks (Spider:4)
  14 demonic crawlers
  2 spectral glowing shapeshifters (Depths:3)
  2 tormentors (Depths:2)
  8 freezing wraiths
  A spectral human (Depths:2)
  2 tengu conjurers
  3 efreet
  4 redback zombies
  29 yaktaurs
  A queen bee (shapeshifter) (Elf:1)
  7 trolls
  9 meliai (Spider:4)
  Prince Ribbit (D:9)
  A meliai (shapeshifter) (D:13)
  A queen bee (Spider:4)
  26 tarantellas
  A black draconian skeleton (Crypt:1)
  A spectral culicivora (Spider:4)
  2 spectral jumping spiders (Spider:4)
  9 wind drakes
  A polar bear (Lair:4)
  25 merfolk
  A shadow dragon simulacrum (Depths:3)
  2 jumping spider zombies (Spider:4)
  2 tarantella zombies (Spider:4)
  2 wolf spider simulacra (Spider:1)
  An iron troll skeleton (Crypt:2)
  A hydra skeleton (Crypt:2)
  4 hornets
  A snapping turtle (shapeshifter) (Depths:3)
  54 saltlings (Desolation)
  17 blink frogs
  11 dream sheep
  A spectral floating eye (Depths:2)
  2 fire giant simulacra (Depths:2)
  A culicivora zombie (Spider:4)
  10 snapping turtles
  A frost giant simulacrum (Depths:2)
  2 shadows
  33 jumping spiders
  2 vampires
  2 air elementals (Elf:3)
  11 flying skulls (Crypt:1)
  3 spriggans (Depths:3)
  4 wraiths
  63 yaks
  34 culicivoras
  22 water elementals
  3 fire elementals
  A golden eye (Vaults:4)
  5 wyverns
  6 basilisks
  Eustachio (D:5)
  6 vampire mosquitoes
  3 neqoxecs (Gauntlet)
  50 redbacks
  A slime creature zombie (Crypt:2)
  2 steam dragons
  3 minotaur simulacra (D:14)
  Menkaure (D:5)
  Edmund (D:6)
  2 wargs (Orc:1)
  A demonspawn zombie (Crypt:1)
  2 acid dragons
  16 water moccasins
  4 hell hounds
  A faun skeleton (Crypt:1)
  32 orc warriors
  2 ice beasts
  5 sky beasts
  2 black bears (D:6)
  3 boggarts (Vaults:2)
  5 centaurs
  12 ogres
  A wolf (D:10)
  A dream sheep skeleton (Crypt:1)
  A rime drake zombie (Crypt:2)
  2 phantoms (D:6)
  3 kobold brigands
  2 earth elementals
  5 necrophages
  6 bullfrogs
  2 deep troll simulacra (D:14)
  A glowing shapeshifter simulacrum (Depths:2)
  A gnoll sergeant (D:7)
  11 scorpions
  21 wights
  19 killer bees
  3 electric eels
  A howler monkey (D:5)
  2 jellies (D:6)
  6 hounds
  25 orc priests
  2 gnoll boudas
  6 iguanas
  30 orc wizards
  4 hell rats (Lair:3)
  Robin (D:3)
  18 gnolls
  13 adders
  3 shadow imps
  A white imp (D:7)
  An ufetubus (D:5)
  A worm zombie (Crypt:2)
  4 worms
  95 orcs
  11 endoplasms
  3 giant cockroaches
  16 goblins
  9 hobgoblins
  A jackal (D:4)
  27 kobolds
  2 quokkas
  4 ball pythons
  4 bats
  A butterfly zombie (Crypt:2)
  3 frilled lizards
  6 rats
2052 creatures vanquished.

Vanquished Creatures (collateral kills)
  Saint Roka (Vaults:4)
  A tengu reaver (Vaults:5)
  2 orc high priests (Orc:2)
  A deep troll (Vaults:2)
  A phantasmal warrior (Vaults:5)
  An orc sorcerer (Orc:2)
  An orc knight (Orc:2)
  A slime creature (D:15)
  3 orc warriors (Orc:2)
  7 orc priests (Orc:2)
  2 orc wizards (Orc:2)
  10 orcs
31 creatures vanquished.

Vanquished Creatures (others)
  A spriggan defender (Depths:1)
  An ironbound preserver (Vaults:3)
  A deep elf annihilator (Elf:3)
  A yaktaur captain (Vaults:3)
  A tengu warrior (Depths:1)
  A dancing weapon (Elf:2)
  3 deep elf knights
  A sea snake (shapeshifter) (D:14)
  5 deep trolls
  A swamp dragon (shapeshifter) (D:14)
  A deep elf archer (Elf:2)
  An orc knight (D:15)
  A cyclops (D:15)
  2 centaur simulacra (D:14)
  An air elemental (Elf:2)
  5 orc warriors
  A white imp (D:7)
  15 fungi
  63 plants
106 creatures vanquished.

Grand Total: 2189 creatures vanquished

Notes
Turn   | Place    | Note
-------+----------+-------------------------------------------
     0 | D:1      | Kazon the Barachi Fighter began the quest for the Orb.
     0 | D:1      | Reached XP level 1. HP: 18/18 MP: 1/1
    45 | D:1      | Identified a scroll of acquirement
    45 | D:1      | Acquired the +0 buckler of Qyfec {Regen+ Dex+2 SInv}
   153 | D:1      | Reached XP level 2. HP: 25/25 MP: 2/2
   711 | D:2      | Reached XP level 3. HP: 30/30 MP: 3/3
   742 | D:2      | Reached skill level 3 in Long Blades
  1149 | D:2      | Reached XP level 4. HP: 37/37 MP: 4/4
  1368 | D:3      | Found Umat's Antique Weapon Boutique.
  1543 | D:3      | Noticed Robin
  1562 | D:3      | Killed Robin
  1563 | D:3      | Reached XP level 5. HP: 33/38 MP: 5/5
  1575 | D:3      | Reached skill level 4 in Long Blades
  1759 | D:3      | Reached skill level 1 in Dodging
  1848 | D:3      | Reached skill level 6 in Long Blades
  1848 | D:3      | Reached skill level 5 in Dodging
  1848 | D:3      | Reached skill level 5 in Shields
  1848 | D:3      | Reached XP level 6. HP: 50/50 MP: 6/6
  2115 | D:4      | Reached XP level 7. HP: 58/58 MP: 7/7
  2368 | D:4      | Reached skill level 5 in Throwing
  2431 | D:4      | Found a hazy altar of Hepliaklqana.
  2898 | D:5      | Entered Level 5 of the Dungeon
  2909 | D:5      | Reached skill level 1 in Ranged Weapons
  3041 | D:5      | Reached skill level 5 in Short Blades
  3041 | D:5      | Reached XP level 8. HP: 64/64 MP: 8/8
  3388 | D:5      | Noticed Menkaure
  3401 | D:5      | Killed Menkaure
  3402 | D:5      | Reached skill level 1 in Evocations
  3434 | D:5      | Noticed Eustachio
  3457 | D:5      | Killed Eustachio
  3458 | D:5      | Reached skill level 5 in Stealth
  3855 | D:6      | Reached XP level 9. HP: 70/71 MP: 9/9
  3973 | D:7      | Found a staircase to the Ecumenical Temple.
  3983 | Temple   | Entered the Ecumenical Temple
  3998 | Temple   | Became a worshipper of Warmaster Okawaru
  4083 | D:7      | Found a hide-covered altar of Uskayaw.
  4168 | D:6      | Reached * piety under Okawaru
  4275 | D:6      | Reached skill level 1 in Invocations
  4300 | D:6      | Noticed Edmund
  4302 | D:6      | Killed Edmund
  4302 | D:6      | Reached ** piety under Okawaru
  4303 | D:6      | Reached skill level 7 in Long Blades
  4525 | D:6      | Reached XP level 10. HP: 77/79 MP: 10/10
  4558 | D:6      | Noticed Maggie
  4599 | D:6      | Killed Maggie
  5189 | D:7      | Reached *** piety under Okawaru
  5263 | D:7      | Found a white marble altar of Elyvilon.
  5287 | D:7      | Reached skill level 8 in Long Blades
  5473 | D:8      | Found Quzidd's Magic Scroll Emporium.
  5478 | D:8      | Bought a scroll of teleportation for 42 gold pieces
  5559 | D:8      | Found Heidghoki's Jewellery Shop.
  5750 | D:8      | Found Esumer's Weapon Shop.
  6105 | D:8      | Found Zoxtaeshakh's Jewellery Boutique.
  6611 | D:9      | Noticed a two-headed ogre
  6636 | D:9      | HP: 1/79 [two-headed ogre/+0 giant club (24)]
  6640 | D:9      | Killed a two-headed ogre
  6641 | D:9      | Reached XP level 11. HP: 6/84 MP: 13/13
  6767 | D:9      | Reached **** piety under Okawaru
  6778 | D:9      | Reached skill level 5 in Evocations
  6803 | D:9      | Noticed Prince Ribbit
  6824 | D:9      | Killed Prince Ribbit
  6984 | D:10     | Entered Level 10 of the Dungeon
  7077 | D:10     | Found a staircase to the Lair.
  7159 | D:10     | Noticed Erolcha
  7165 | D:10     | Killed Erolcha
  7186 | D:10     | Identified the +5 long sword of the Land of Plenty {drain,
                  | Dex+3}
  7190 | D:10     | Found Juagoaq's Book Shoppe.
  7435 | D:10     | Reached skill level 9 in Long Blades
  7546 | D:10     | Reached ***** piety under Okawaru
  8065 | D:11     | Noticed a green ugly thing
  8079 | D:11     | Killed a green ugly thing
  8121 | D:11     | Reached skill level 5 in Invocations
  8271 | D:11     | Received a gift from Okawaru
  8272 | D:11     | Reached skill level 10 in Long Blades
  8272 | D:11     | Reached XP level 12. HP: 38/94 MP: 11/15
  8563 | D:8      | Bought the amulet "Odemouw" {Contam rPois rF+++ Regen+
                  | Stlth+} for 734 gold pieces
  9066 | Lair:1   | Entered Level 1 of the Lair of Beasts
  9261 | Lair:1   | Found the +2 Maxwell's thermic engine {flame, freeze}
  9712 | Lair:2   | Reached skill level 11 in Long Blades
  9897 | Lair:2   | Noticed a catoblepas
  9900 | Lair:2   | Noticed Fannar
  9925 | Lair:2   | Killed Fannar
  9928 | Lair:2   | Killed a catoblepas
  9928 | Lair:2   | Reached ****** piety under Okawaru
 10179 | Lair:2   | Received a gift from Okawaru
 10444 | Lair:3   | Noticed a death yak
 10444 | Lair:3   | Noticed a death yak
 10472 | Lair:3   | Found a hole to the Spider Nest.
 10483 | Lair:3   | Gained mutation: You can hop long distances. [Barachi
                  | growth]
 10483 | Lair:3   | Reached XP level 13. HP: 101/101 MP: 17/17
 10582 | Lair:3   | Found an ancient bone altar of Kikubaaqudgha.
 10673 | Lair:3   | Reached skill level 12 in Long Blades
 10716 | Lair:3   | Found a staircase to the Shoals.
 11302 | D:12     | Noticed Lodul
 11314 | D:12     | Killed Lodul
 11314 | D:12     | Received a gift from Okawaru
 11356 | D:12     | Noticed Nessos
 11382 | D:12     | Killed Nessos
 11432 | D:12     | Found a staircase to the Orcish Mines.
 11582 | D:12     | Noticed Rupert
 11586 | D:12     | Killed Rupert
 11587 | D:12     | Reached skill level 10 in Fighting
 11624 | D:12     | Gained mutation: You expend magic power (3 MP) to
                  | strengthen your wands. [potion of mutation]
 11624 | D:12     | Gained mutation: You are somewhat resistant to further
                  | mutation. [potion of mutation]
 11788 | D:12     | Received a gift from Okawaru
 11901 | D:13     | Noticed Azrael
 11910 | D:13     | Killed Azrael
 12150 | D:13     | Reached skill level 13 in Long Blades
 12195 | D:13     | Found Ituota Roil's Distillery.
 12356 | D:13     | Reached XP level 14. HP: 105/111 MP: 16/19
 12596 | D:13     | Found a gate to the Vaults.
 12753 | D:14     | Identified the +6 scale mail "Voetobuo" {Int-3 Dex+8}
 12862 | D:14     | Found a frozen archway.
 12892 | D:14     | Received a gift from Okawaru
 12951 | D:14     | Noticed Snorg
 12953 | D:14     | Killed Snorg
 12955 | D:14     | Received a gift from Okawaru
 12956 | D:14     | Reached skill level 10 in Evocations
 13373 | Lair:4   | Reached skill level 14 in Long Blades
 13778 | Lair:4   | Identified the +3 battleaxe "Adididghufym" {antimagic, rF+
                  | Will+}
 13912 | Lair:4   | Found a viscous altar of Jiyva.
 13913 | Lair:4   | Found a staircase to the Slime Pits.
 13949 | Lair:5   | Entered Level 5 of the Lair of Beasts
 14071 | Lair:5   | Reached XP level 15. HP: 119/119 MP: 21/21
 14624 | Lair:5   | Identified the +2 chain mail of the Equator {Will+ Str+5}
                  | (Okawaru gifted it to you on level 5 of the Lair of Beasts)
 14624 | Lair:5   | Received a gift from Okawaru
 14925 | Lair:5   | Reached skill level 15 in Long Blades
 15295 | Spider:1 | Entered Level 1 of the Spider Nest
 15862 | Spider:1 | Acquired the +10 tower shield of Ignorance {rN+ Int-4}
 15862 | Spider:1 | Found the +10 tower shield of Ignorance {rN+ Int-4}
 16149 | Spider:1 | Received a gift from Okawaru
 16288 | Spider:1 | Noticed a ghost moth
 16302 | Spider:1 | Killed a ghost moth
 16302 | Spider:1 | Received a gift from Okawaru
 16469 | Spider:1 | Noticed an emperor scorpion
 16480 | Spider:1 | Killed an emperor scorpion
 16573 | Spider:1 | Identified the +0 scale mail of Creativity {rC+} (Okawaru
                  | gifted it to you on level 1 of the Spider Nest)
 16573 | Spider:1 | Received a gift from Okawaru
 16671 | Spider:1 | Reached XP level 16. HP: 127/127 MP: 23/23
 16712 | Spider:1 | Reached skill level 16 in Long Blades
 16712 | Spider:1 | Reached skill level 10 in Invocations
 18228 | Spider:3 | Received a gift from Okawaru
 18481 | Spider:3 | Received a gift from Okawaru
 18744 | Spider:4 | Entered Level 4 of the Spider Nest
 18744 | Spider:4 | Noticed Mara
 18747 | Arena    | Entered the Arena
 18748 | Arena    | Noticed Kazon's illusion
 18760 | Arena    | Killed Mara
 18814 | Spider:3 | Identified the +5 hand crossbow of Sin {vorpal, Stlth+}
                  | (Okawaru gifted it to you on level 3 of the Spider Nest)
 18814 | Spider:3 | Received a gift from Okawaru
 18875 | Spider:4 | Reached skill level 10 in Shields
 19007 | Spider:4 | Reached skill level 10 in Throwing
 19007 | Spider:4 | Reached XP level 17. HP: 136/136 MP: 25/25
 19062 | Spider:4 | Identified the +0 pair of gloves of Demonic Happiness
                  | {Str+2 Dex+3 Stlth-} (Okawaru gifted it to you on level 4
                  | of the Spider Nest)
 19062 | Spider:4 | Received a gift from Okawaru
 19356 | Spider:4 | Reached skill level 10 in Dodging
 20212 | Spider:4 | Paralysed by a meliai for 2 turns
 20218 | Spider:4 | Received a gift from Okawaru
 20388 | Spider:4 | Reached skill level 17 in Long Blades
 20461 | Spider:4 | Received a gift from Okawaru
 20488 | Spider:4 | Received a gift from Okawaru
 20523 | Spider:4 | Got a gossamer rune of Zot
 20952 | D:14     | Found a runed translucent gate.
 20976 | D:14     | Found a runed translucent gate.
 20977 | D:14     | Found a runed translucent gate.
 20977 | D:14     | Noticed monoptic's ghost (journeyman MiFi)
 21339 | D:14     | Killed monoptic's ghost
 21359 | D:14     | Identified the +1 hat of Untruth {rC++ rCorr Str-2 Stlth+}
 21403 | D:15     | Entered Level 15 of the Dungeon
 21741 | D:15     | Identified Roxanne's Parchment of Spelunking
 21741 | D:15     | Noticed Roxanne
 21787 | D:15     | Reached XP level 18. HP: 146/146 MP: 27/27
 21859 | D:15     | Killed Roxanne
 21914 | D:15     | Found a staircase to the Depths.
 21932 | D:15     | Reached skill level 10 in Armour
 22387 | Orc:1    | Entered Level 1 of the Orcish Mines
 22398 | Orc:1    | Noticed Urug
 22424 | Orc:1    | Killed Urug
 22917 | Orc:2    | Entered Level 2 of the Orcish Mines
 22917 | Orc:2    | Found a staircase to the Elven Halls.
 22997 | Orc:2    | Noticed Donald
 23032 | Orc:2    | Killed Donald
 23094 | Orc:2    | Found a gate leading to a gauntlet.
 23105 | Gauntlet | Entered a Gauntlet
 23105 | Gauntlet | Found a transporter.
 23107 | Gauntlet | Found a runed translucent door.
 23107 | Gauntlet | Found a transporter.
 23109 | Gauntlet | Found a transporter.
 23109 | Gauntlet | Found a transporter.
 23112 | Gauntlet | Found a transporter.
 23113 | Gauntlet | Found a transporter.
 23117 | Gauntlet | Found a runed translucent door.
 23121 | Gauntlet | Found a transporter.
 23121 | Gauntlet | Found the +12 glaive of Prune {vorpal}
 23122 | Gauntlet | Found a transporter.
 23128 | Gauntlet | Found a runed translucent door.
 23140 | Gauntlet | Found a transporter.
 23145 | Gauntlet | Found a transporter.
 23149 | Gauntlet | Found a transporter.
 23157 | Gauntlet | Found a transporter.
 23205 | Gauntlet | Identified the ring "Azxilac" {+Blink rPois rC+ Int-3
                  | Dex+6}
 23246 | Gauntlet | Identified the ring "Mishoal" {*Corrode rElec rPois AC+4
                  | Str+2}
 23546 | Orc:2    | Paralysed by an orc sorcerer for 2 turns
 23556 | Orc:2    | Found a runed translucent door.
 23559 | Orc:2    | Noticed Jingleheimer's ghost (adept HOFi)
 23799 | Orc:2    | Received a gift from Okawaru
 23991 | Orc:2    | Found Pisuawn's Antique Armour Emporium.
 23992 | Orc:2    | Found Luduu's Antique Weapon Emporium.
 24022 | Orc:2    | Found Leshref's General Store.
 24023 | Orc:2    | Found Geemeife's Jewellery Shoppe.
 24029 | Orc:2    | Bought a spiked leather armour for 161 gold pieces
 24029 | Orc:2    | Identified the +0 leather armour of the Lion {Will- Dex+5}
                  | (You bought it in a shop on level 2 of the Orcish Mines)
 24042 | Orc:2    | Bought a potion of heal wounds for 60 gold pieces
 24042 | Orc:2    | Bought a scroll of fear for 48 gold pieces
 24042 | Orc:2    | Bought a potion of curing for 36 gold pieces
 24151 | Orc:2    | Killed Jingleheimer's ghost
 24151 | Orc:2    | Identified the +7 crystal plate armour of the Hanged Man
                  | {Drain rPois rC++ rN+} (Okawaru gifted it to you on level 2
                  | of the Orcish Mines)
 24151 | Orc:2    | Received a gift from Okawaru
 24296 | Elf:1    | Entered Level 1 of the Elven Halls
 24481 | Elf:1    | Noticed Agnes
 24494 | Elf:1    | Killed Agnes
 25139 | Elf:2    | Found Hiosedoa's Distillery.
 25140 | Elf:2    | Found Zoshugie's Magic Scroll Shoppe.
 25141 | Elf:2    | Found Uddis's Antique Armour Shoppe.
 25153 | Elf:2    | Found Wuev's Magic Scroll Emporium.
 25262 | Elf:1    | Found an ancient bone altar of Kikubaaqudgha.
 25281 | Elf:2    | Found a transporter.
 25302 | Elf:2    | Noticed roninjake's ghost (adept MiFi)
 25458 | Elf:2    | Found a transporter.
 25514 | Elf:2    | Reached skill level 15 in Fighting
 25596 | Elf:2    | Reached XP level 19. HP: 153/155 MP: 28/28
 25809 | Elf:2    | Found a huge runed translucent gate.
 25809 | Elf:2    | Found a huge runed translucent gate.
 25828 | Elf:2    | Found a huge runed translucent gate.
 25830 | Elf:2    | Found a huge runed translucent gate.
 25830 | Elf:2    | Found a huge runed translucent gate.
 25996 | Elf:2    | Received a gift from Okawaru
 26259 | Elf:2    | Noticed Nikola
 26273 | Arena    | Entered the Arena
 26279 | Arena    | Killed Nikola
 26431 | Elf:3    | Entered Level 3 of the Elven Halls
 26535 | Elf:3    | Found Cel Ymun's Antique Armour Boutique.
 26548 | Elf:3    | Bought the +0 mask of the Dragon {Will+ Slay+3 SInv} for
                  | 1235 gold pieces
 26548 | Elf:3    | Found the +0 mask of the Dragon {Will+ Slay+3 SInv}
 26771 | Elf:3    | Reached skill level 18 in Long Blades
 26777 | Elf:3    | Paralysed by an air elemental for 1 turns
 26834 | Elf:3    | Received a gift from Okawaru
 26914 | Elf:3    | Found Ecsiwk's Weapon Shop.
 27046 | Elf:3    | Noticed Asterion
 27060 | Elf:3    | Killed Asterion
 27228 | Elf:3    | Noticed Louise
 27239 | Elf:3    | Killed Louise
 27375 | Elf:3    | Noticed a Hell Sentinel
 27515 | Elf:3    | Received a gift from Okawaru
 27531 | Elf:3    | Identified the +3 robe of the Original Sin {Will+}
 27538 | Elf:3    | Received a gift from Okawaru
 27565 | Elf:3    | Identified the +0 pair of gloves of Distant Shores {Harm
                  | rN++}
 27657 | Elf:3    | Identified the +8 flail of Qocw {holy, *Slow rElec Str+6
                  | Int+2}
 27691 | Elf:3    | Identified the +3 quarterstaff of the Vase {venom, rC+}
 28040 | Shoals:1 | Entered Level 1 of the Shoals
 28143 | Shoals:1 | Reached skill level 5 in Ranged Weapons
 28326 | Shoals:1 | Reached XP level 20. HP: 161/164 MP: 30/30
 28720 | Shoals:2 | Identified the +4 chain mail of the Enchanted Forest
                  | {*Corrode Dex+6}
 29843 | Shoals:4 | Entered Level 4 of the Shoals
 30021 | Shoals:4 | Found a runed translucent door.
 30021 | Shoals:4 | Found a shimmering altar of Xom.
 30021 | Shoals:4 | Noticed quakins's ghost (adept FoAK)
 30165 | Shoals:4 | Identified the ring of Zuegae {rPois rF+ rC- MP+9}
 30183 | Shoals:4 | Received a gift from Okawaru
 30310 | Shoals:4 | Got a barnacled rune of Zot
 30346 | Shoals:4 | Received a gift from Okawaru
 30354 | Shoals:4 | Got Gogief's Precepts of Coordinates
 30642 | Shoals:4 | Received a gift from Okawaru
 31359 | Vaults:1 | Entered Level 1 of the Vaults
 31409 | Vaults:1 | Received a gift from Okawaru
 31410 | Vaults:1 | Reached skill level 15 in Evocations
 31425 | Vaults:1 | Received a gift from Okawaru
 31859 | Vaults:1 | Reached XP level 21. HP: 171/171 MP: 29/31
 31897 | Vaults:1 | Paralysed by a great orb of eyes for 4 turns
 31970 | Vaults:1 | Received a gift from Okawaru
 32026 | Vaults:1 | Got Qickeq's Spellbook of Rank Transformation
 32317 | Vaults:1 | Found Quvviufo's Distillery.
 32538 | Vaults:1 | Bought a potion of heal wounds for 60 gold pieces
 32538 | Vaults:1 | Bought a potion of heal wounds for 60 gold pieces
 32906 | Vaults:2 | Identified the +6 battleaxe of the Neverending Dances
                  | {vorpal, rN++ Str-4}
 33025 | Vaults:2 | Received a gift from Okawaru
 33046 | Vaults:2 | Found Afiul's Antique Armour Boutique.
 33055 | Vaults:2 | Bought ichor-stained fire dragon scales for 1885 gold
                  | pieces
 33055 | Vaults:2 | Identified the +7 fire dragon scales "Gysobbeu" {-Tele rF++
                  | rC- rN+++ rCorr Dex-3} (You bought it in a shop on level 2
                  | of the Vaults)
 33092 | Vaults:2 | Found a large runed translucent door.
 33092 | Vaults:2 | Noticed foobar1000's ghost (veteran SpHu)
 33093 | Vaults:2 | Found a large runed translucent door.
 33290 | Vaults:2 | Received a gift from Okawaru
 33589 | Vaults:2 | Found a transporter.
 33589 | Vaults:2 | Found the +3 pair of seven-league boots {Rampage+∞}
 33598 | Vaults:2 | Found a transporter.
 33779 | Vaults:2 | Received a gift from Okawaru
 34003 | Vaults:3 | Received a gift from Okawaru
 34084 | Vaults:3 | Found a white marble altar of Elyvilon.
 34084 | Vaults:3 | Found a crumbling gateway.
 34084 | Vaults:3 | Found a glowing silver altar of Zin.
 34087 | Vaults:3 | Found a glowing golden altar of the Shining One.
 34135 | Desolati | Entered the Desolation of Salt
 34170 | Desolati | Identified the +8 arbalest "Luefib" {freeze, Will+ Stlth+}
 34185 | Desolati | Received a gift from Okawaru
 34197 | Desolati | Got the Papyrus of the Nine Artisans
 34198 | Desolati | Identified the +3 leather armour of Hionoo {Int+3}
 34240 | Desolati | Reached XP level 22. HP: 171/180 MP: 25/33
 34242 | Desolati | Found the +7 captain's cutlass {speed, disarm}
 34281 | Desolati | Got the Textbook on Lethal Black Secrets
 34282 | Desolati | Identified the +8 shadow dragon scales of the Dungeon {Harm
                  | +Inv rElec Will- Stlth++++}
 34294 | Desolati | Got the Teachings on Unified Reformation
 34327 | Desolati | Got the Guidebook on Bewitching Conflict
 34448 | Desolati | Identified the ring "Xacius" {rPois rC+ Will+ Stlth-}
 34451 | Desolati | Identified the +2 leather armour of Vlad {Contam rElec
                  | Int+2 Slay+5}
 34714 | Desolati | Reached skill level 19 in Long Blades
 34747 | Desolati | Reached skill level 15 in Invocations
 34771 | Desolati | Received a gift from Okawaru
 35067 | Vaults:3 | Found a staircase to the Crypt.
 35193 | Vaults:3 | Found Miyguykosh's Book Boutique.
 35250 | Vaults:3 | Found Fuedgh's Weapon Shop.
 35353 | Vaults:3 | Reached skill level 15 in Throwing
 35373 | Vaults:3 | Reached skill level 15 in Dodging
 35537 | Vaults:3 | Found Ithruantu's Weapon Emporium.
 35711 | Vaults:2 | Received a gift from Okawaru
 35758 | Vaults:2 | Identified the +2 dagger "Doed" {speed, rElec rF+ Int-2
                  | Dex+5}
 35982 | Vaults:3 | Received a gift from Okawaru
 36380 | Vaults:3 | Found Feafaf's Weapon Emporium.
 36390 | Vaults:3 | Received a gift from Okawaru
 36704 | Vaults:3 | Identified the +0 helmet of Saadutol {Will+}
 36748 | Vaults:4 | Noticed Saint Roka
 36760 | Vaults:4 | Killed Saint Roka
 36766 | Vaults:4 | Identified the +7 rapier of Dipterij {vorpal, Int+2}
 37580 | Vaults:4 | Noticed Xtahua
 37595 | Vaults:4 | Killed Xtahua
 37656 | Vaults:4 | Found Arahod's General Store.
 37664 | Vaults:4 | Bought 4 datura-tipped darts for 25 gold pieces
 37666 | Vaults:4 | Noticed Frederick
 37674 | Vaults:4 | Killed Frederick
 37674 | Vaults:4 | Received a gift from Okawaru
 37675 | Vaults:4 | Reached XP level 23. HP: 188/188 MP: 31/34
 37880 | Vaults:5 | Entered Level 5 of the Vaults
 37882 | Vaults:5 | Noticed a dread lich
 37897 | Vaults:4 | Received a gift from Okawaru
 37932 | Vaults:4 | Reached skill level 15 in Shields
 37976 | Vaults:4 | Paralysed by a dread lich for 3 turns
 37995 | Vaults:4 | Paralysed by a dread lich for 2 turns
 38004 | Vaults:4 | Killed a dread lich
 38102 | Vaults:5 | Noticed a golden dragon
 38103 | Vaults:5 | Noticed a dread lich
 38104 | Vaults:5 | Received a gift from Okawaru
 38105 | Vaults:5 | Noticed Mennas
 38240 | Vaults:5 | Noticed a dread lich
 38242 | Vaults:5 | Noticed a dread lich
 38243 | Vaults:5 | Identified the ring "Emalyan" {rF+ Int+2 Slay+3}
 38266 | Vaults:4 | Killed a dread lich
 38340 | Vaults:4 | Killed Mennas
 38340 | Vaults:4 | Received a gift from Okawaru
 38522 | Vaults:5 | Found Reuh Tur's Weapon Shop.
 38552 | Vaults:5 | Killed a dread lich
 38552 | Vaults:5 | Received a gift from Okawaru
 38745 | Vaults:5 | Identified the +0 chain mail "Cipil" {rElec MP-9 Dex+4}
 38747 | Vaults:5 | Identified the ring "Wejiqees" {rN+ EV+4}
 38775 | Vaults:5 | Received a gift from Okawaru
 38782 | Vaults:5 | Identified the +4 long sword "Exibruot" {vorpal, MP+9
                  | Dex+3}
 38809 | Vaults:5 | Killed a dread lich
 38851 | Vaults:5 | Killed a golden dragon
 38887 | Vaults:5 | Got a silver rune of Zot
 39064 | Vaults:5 | Reached XP level 24. HP: 197/197 MP: 35/35
 39690 | Depths:1 | Entered Level 1 of the Depths
 39823 | Depths:1 | Found a flickering gateway to a bazaar.
 39829 | Bazaar   | Entered a bazaar
 39866 | Bazaar   | Found Fesotas's Book Boutique.
 39866 | Bazaar   | Found Totziet's Assorted Antiques.
 39883 | Bazaar   | Bought a short gold wand for 80 gold pieces
 39903 | Bazaar   | Found Reheffocs's Weapon Shop.
 39903 | Bazaar   | Found Daotseq's Book Boutique.
 39909 | Bazaar   | Bought 3 atropa-tipped darts for 27 gold pieces
 39955 | Depths:1 | Received a gift from Okawaru
 40043 | Depths:1 | Found an iron altar of Okawaru.
 40084 | Depths:1 | Found a gateway to Hell.
 40105 | Depths:1 | Paralysed by a sphinx for 4 turns
 40296 | Depths:1 | Found a one-way gateway to a ziggurat.
 40855 | Depths:2 | Found Xywunomm's Antique Weapon Emporium.
 40886 | Depths:2 | Found a one-way gate leading to the halls of Pandemonium.
 40989 | Depths:2 | Identified the +1 pair of boots of Inevitability {rPois
                  | Regen+ Int-4} (Okawaru gifted it to you on level 2 of the
                  | Depths)
 40989 | Depths:2 | Received a gift from Okawaru
 41360 | Crypt:1  | Entered Level 1 of the Crypt
 41452 | Crypt:1  | Paralysed by a vampire knight for 3 turns
 41687 | Crypt:1  | Noticed yalue's ghost (adept MiFi)
 41692 | Crypt:1  | Found a transporter.
 41692 | Crypt:1  | Noticed yalue's ghost (adept MiFi)
 41707 | Crypt:1  | Found a transporter.
 41850 | Crypt:1  | Reached skill level 15 in Armour
 42490 | Crypt:2  | Reached skill level 10 in Stealth
 43104 | Depths:2 | Found an ancient bone altar of Kikubaaqudgha.
 43258 | Depths:2 | Received a gift from Okawaru
 43280 | Depths:2 | Reached XP level 25. HP: 206/206 MP: 35/35
 43281 | Depths:2 | Identified the +4 rapier "Missunko" {vorpal, rN+ Will-
                  | Str+4 Int-5 Stlth+}
 43288 | Depths:2 | Found the amulet of Vitality {RegenMP++ Regen++}
 43557 | Depths:2 | Identified the ring of Rallilit {Fire Int+5 Dex+4}
 43605 | Depths:2 | Received a gift from Okawaru
 43645 | Depths:3 | Reached skill level 20 in Long Blades
 43662 | Depths:3 | Received a gift from Okawaru
 43675 | Depths:3 | Received a gift from Okawaru
 43792 | Depths:3 | Paralysed by a vampire knight for 2 turns
 43796 | Depths:3 | Received a gift from Okawaru
 43816 | Depths:3 | Paralysed by a vampire knight for 5 turns
 43887 | Depths:3 | Found a one-way gate to the infinite horrors of the Abyss.
 43893 | Depths:3 | Paralysed by a sphinx for 5 turns
 43906 | Depths:3 | Paralysed by a sphinx for 5 turns
 43911 | Depths:3 | HP: 6/206 [spark wasp[a glowing orange brain] (6)]
 43911 | Depths:3 | Slain by a sphinx

Illustrated notes

Levels and vault maps discovered:
D:1:      dpeg_arrival_three_smaller_balls, layout_basic
D:2:      layout_loops_ring
D:3:      layout_basic, serial_shops, nicolae_shop_stone, st_stairs_9,
          minmay_misc_feat_doors, eino_curves_03, uniq_robin
D:4:      minmay_wonky_spiral, layout_basic,
          mainiacjoe_overflow_surrounded_room, minivault_5
D:5:      layout_cave_pods, uniq_menkaure, uniq_eustachio
D:6:      cheibrodos_barr_body, layout_basic, minmay_crystal_room,
          minmay_pentangle, uniq_maggie, uniq_edmund
D:7:      layout_cave_pools, nicolae_uskayaw_murder_on_the_dancefloor,
          elyvilon_altar_4, minmay_temple_entry_purple_smoke
D:8:      layout_basic, serial_shops, shop_statue, kennysheep_little_box, shop,
          nicolae_shop_window_shopping
D:9:      layout_cave_pools, uniq_prince_ribbit1
D:10:     layout_stronghold, erik_lair_island, serial_shops,
          nicolae_shop_statue_plus, uniq_erolcha
D:11:     layout_roguey
D:12:     layout_loops_ring, orc_0_dummy, chequers_serial_rivers_marsh,
          uniq_lodul, uniq_nessos, uniq_rupert
D:13:     layout_gridville, david_vaults_5, serial_shops,
          nicolae_shop_behind_doors, minmay_fractal_squares_gapless_5,
          uniq_azrael
D:14:     layout_roguey, minmay_misc_feat_secret_circle, gammafunk_ghost_split,
          portal_ice_cave_entry_ice_simulacra, uniq_snorg
D:15:     hangedman_depths_entry_try_elsewhere_first, layout_loops_corners,
          uniq_roxanne
Temple:   nicolae_temple_bog_church
Lair:1:   layout_long_grid, fungi_pond_lemuel, cheibrodos_lair_reptile_den
Lair:2:   layout_gridlike, uniq_fannar
Lair:3:   layout_roguey, minmay_shoals_entry_hut,
          nicolae_spider_entry_non_spiders, basic_altar, serial_bayou_crossing
Lair:4:   layout_gridlike, slime_entry_1, serial_rivers,
          chequers_serial_rivers_room_a, chequers_serial_rivers_micro_c,
          chequers_serial_rivers_room_a, chequers_serial_rivers_micro_e,
          minivault_27, grunt_megastairs_3, infiniplex_staircase_pool_2
Lair:5:   evilmike_catoblepas_cave, layout_long_grid
Shoals:1: layout_shoals, nicolae_shoals_lost_giant_pillars
Shoals:2: layout_shoals
Shoals:3: layout_shoals
Shoals:4: shoals_end_simple, layout_shoals, ebering_ghost_xom
Spider:1: layout_chambers, nicolae_spider_undead_wolf_pack
Spider:2: layout_cave_pods
Spider:3: layout_spider_delve
Spider:4: floodkiller_spider_rune_tomb, special_room [special_room_bee],
          uniq_mara
Orc:1:    layout_caves, basic_altar, uniq_urug
Orc:2:    st_orc_congregation, layout_caves, gauntlet_entry_generic,
          hellmonk_ghost_happy_afterlife, uniq_donald
Elf:1:    layout_gridlike, minmay_elf_demonology, lemuel_upstairs_altar,
          uniq_agnes
Elf:2:    elven_hall_of_blades_hangedman_alternative
          [nicolae_blade_entry_diamond_columns], layout_geoelf_diagonals,
          gammafunk_ghost_arena, minmay_shoptagon, uniq_nikola
Elf:3:    elf_hall_gauntlet_narrow, layout_gridlike, serial_shops,
          nicolae_shop_overgrown_old_shop, nicolae_shop_advertising_works
          [nicolae_subvault_shop_adworks], uniq_louise, uniq_asterion
Vaults:1: nicolae_vaults_little_squares_1, v_misc_5, hangedman_vaults_stitches,
          hangedman_vaults_cutoff, grunt_vaults_trifunnel, v_misc_19,
          nicolae_vaults_three_branches, vaults_room_pool,
          vaults_room_door_hall, nicolae_vaults_little_ls,
          nicolae_vaults_rhombus_7, layout_vaults_omnicross, serial_shops, shop
Vaults:2: advil_vaults_ghost_guards, gammafunk_sealed_arena,
          hangedman_vaults_snaps, vaults_room_semicircle,
          hangedman_vaults_slither, v_alt_pattern_4, v_alt_pattern_3,
          hangedman_vaults_cutoff, vaults_mumra_lcd, nicolae_vaults_rhombus_6,
          ontoclasm_vaults_spin, grunt_vaults_focal, layout_vaults_ring,
          serial_shops, shop_statue
Vaults:3: portal_desolation_entry_holy_temple, vaults_room_grunt_arrival_ludios,
          minmay_crypt_entry_simple_walls, nicolae_vaults_little_squares_2,
          vaults_room_ringed_pool, hangedman_vaults_pinch, vaults_dpeg_ring,
          nicolae_vaults_circle_grid_b, nicolae_vaults_sealed_display,
          v_pattern_5, layout_vaults_big_room, serial_shops,
          nicolae_square_shop, nicolae_shop_statue_plus, shop, shop_coins
Vaults:4: nicolae_vaults_disjoint_gnomons, kb_rosetta,
          hangedman_vaults_capsules, nicolae_vaults_ring_of_whatevers,
          serial_ice_b, hangedman_vaults_trim, nicolae_vaults_alarming,
          layout_vaults_omnigrid, serial_shops, shop, uniq_frederick,
          uniq_margery, uniq_saint_roka, uniq_xtahua
Vaults:5: uniq_mennas
Crypt:1:  layout_regular_city, nzn_ghost_randoct, minmay_misc_feat_five,
          grunt_crypt_arrival_split, grunt_megastairs_2
Crypt:2:  layout_gridlike, uniq_bai_suzhen
Depths:1: layout_basic, enter_ziggurat_b, corexii_leaking_fountain,
          serial_shops, freezing_bzr, pf_coc_iceberg,
          serial_sigils_hangedman_etch, grunt_ministairs_7,
          okawaru_altar_gauntlet_db
Depths:2: evilmike_negative_zone, layout_cave_pools, hell_entry, pan_entry,
          serial_shops, shop_fountains, lightli_minifort
Depths:3: lemuel_river_lethe, abyss_entry, hell_entry, pan_entry

Skill      XL: |  1  2  3  4  5  6  7  8  9 10 11 12 13 14 15 16 17 18 19 20 21 22 23 24 25 |
---------------+----------------------------------------------------------------------------+-----
Fighting       | 4 6 7 8 9 10 11 12 13 14 15 16 17 18 19 | 19.1
Armour         | 4 6 7 8 9 10 11 12 14 15 16 | 16.1
Long Blades    | 3 6 7 8 10 11 13 14 15 16 17 18 19 20 | 20.1
Shields        | 4 5 6 7 8 9 10 11 12 13 14 16 17 | 17.5
Dodging        | 5 6 7 8 9 10 12 14 16 17 | 17.1
Short Blades   | 3 5 6 7 8 9 |  9.6
Throwing       | 4 5 6 7 8 10 11 12 13 14 15 16 17 | 17.3
Stealth        | 4 5 6 7 8 9 10 | 10.3
Ranged Weapons | 1 2 3 5 6 |  6.3
Evocations     | 2 3 4 6 7 9 10 11 13 15 16 17 | 17.3
Invocations    | 1 3 5 6 7 8 9 11 12 13 14 15 16 | 16.9

Action                   |  1- 3 |  4- 6 |  7- 9 | 10-12 | 13-15 | 16-18 | 19-21 | 22-24 | 25-27 || total
-------------------------+-------+-------+-------+-------+-------+-------+-------+-------+-------++-------
Melee: Long sword        |    95 |       |   111 |   430 |       |       |       |       |       ||   636
       Dagger            |     8 |   102 |   252 |   279 |   163 |    26 |     9 |       |       ||   839
       Double sword      |       |       |       |    67 |   687 |  1121 |   990 |   411 |    98 ||  3374
       Quick blade       |       |       |       |       |       |       |     2 |       |       ||     2
       Cutlass           |       |       |       |       |       |       |       |   425 |    30 ||   455
       Demon blade       |       |       |       |       |       |       |       |   461 |       ||   461
 Fire: Sling             |       |     6 |    32 |    22 |       |       |       |       |       ||    60
       Hand crossbow     |       |       |       |       |       |    13 |   169 |       |       ||   182
Throw: Stone             |     9 |    16 |    33 |    80 |       |       |       |       |       ||   138
       Boomerang         |       |       |     2 |    41 |    95 |   256 |   272 |   420 |    43 ||  1129
       Dart              |       |       |       |    12 |    68 |   279 |    41 |    34 |     4 ||   438
       Javelin           |       |       |       |       |       |    18 |    76 |    64 |    39 ||   197
Invok: Heroism           |       |       |       |     6 |    11 |    12 |    14 |    17 |     2 ||    62
       Finesse           |       |       |       |     1 |       |     3 |     4 |     6 |     1 ||    15
       Duel              |       |       |       |       |       |     1 |     1 |       |       ||     2
 Abil: Hop               |       |       |       |       |       |       |     2 |       |       ||     2
       Evoke Invisibilit |       |       |       |       |       |       |       |     1 |       ||     1
Evoke: Wand              |       |       |       |    17 |    31 |    23 |    34 |    35 |     1 ||   141
       Condenser vane    |       |       |       |     1 |       |     1 |     1 |     3 |       ||     6
       Lightning rod     |       |       |       |       |     1 |       |     4 |       |     6 ||    11
       Tin of tremorston |       |       |       |       |       |       |     1 |     5 |       ||     6
       Phial of floods   |       |       |       |       |       |       |     1 |     1 |     1 ||     3
  Use: Scroll            |     1 |       |     3 |     3 |    13 |     6 |     3 |    15 |       ||    44
       Potion            |       |     1 |     2 |     1 |     1 |       |       |     3 |     1 ||     9
 Stab: Sleeping          |       |     1 |     9 |    18 |    18 |    12 |       |    34 |     3 ||    95
       Distracted        |       |       |       |     2 |     1 |     2 |       |     3 |       ||     8
       Petrified         |       |       |       |     4 |       |       |       |       |       ||     4
       Paralysed         |       |       |       |       |     5 |     4 |     5 |     7 |       ||    21
       Held in net/web   |       |       |       |       |       |     2 |       |       |       ||     2
       Invisible         |       |       |       |       |       |     1 |     1 |     5 |       ||     7
Armor: Scale mail        |    42 |    31 |    49 |       |   157 |   298 |       |       |       ||   577
       Leather armour    |       |       |    61 |   109 |       |       |       |       |       ||   170
       Troll leather arm |       |       |       |    74 |    57 |       |       |       |       ||   131
       Crystal plate arm |       |       |       |       |       |   142 |   527 |     4 |       ||   673
       Shadow dragon sca |       |       |       |       |       |       |       |   397 |    92 ||   489
Dodge: Dodged            |    69 |    36 |   160 |   356 |   441 |   706 |   263 |   435 |   120 ||  2586
Block: Buckler           |    28 |    18 |    94 |   145 |   252 |   446 |   208 |    87 |    60 ||  1338
       Kite shield       |       |       |       |       |       |    38 |   145 |       |       ||   183
       Reflection        |       |       |       |       |       |     5 |    19 |       |       ||    24
       Tower shield      |       |       |       |       |       |       |   541 |  1160 |       ||  1701
